PCL
REDWOOD CITY REDWOODS @ MEXICO CITY CERVECEROS
08/13/2030
 
TOP OF THE 1ST
Redwood City Redwoods batting - Pitching for Mexico City Cerveceros : RHP Manuel Romero
Pitching: RHP Manuel Romero
Batting: LHB Bob Campbell 0-0: Ball
1-0: Foul Ball, location: 2F
1-1: Ground out 6-3 (Groundball, 6)
Batting: LHB Keith Green 0-0: Ball
1-0: Swinging Strike
1-1: Foul Ball, location: 2F
1-2: Ball
2-2: Ball
3-2: Foul Ball, location: 2F
3-2: Fly out, F8 (Flyball, 8LM)
Batting: RHB David Adams 0-0: Called Strike
0-1: Ball
1-1: Swinging Strike
1-2: Ball
2-2: Foul Ball, location: 2F
2-2: Foul Ball, location: 2F
2-2: Foul Ball, location: 2F
2-2: Ball
3-2: Ground out 4-3 (Groundball, 4)
Top of the 1st over - 0 runs, 0 hits, 0 errors, 0 left on base; Redwood City 0 - Mexico City 0
BOTTOM OF THE 1ST
Mexico City Cerveceros batting - Pitching for Redwood City Redwoods : RHP Raúl Vallejo
Pitching: RHP Raúl Vallejo
Batting: RHB Juan Estrada 0-0: Swinging Strike
0-1: Ball
1-1: Called Strike
1-2: Fly out, F9 (Flyball, 9LSF)
Batting: RHB Henning Huisman 0-0: Foul Ball, location: 2F
0-1: Ground out 5-3 (Groundball, 56)
Batting: LHB Mike Harris 0-0: Called Strike
0-1: Ball
1-1: Swinging Strike
1-2: Ball
2-2: Ground out U3 (Groundball, 3)
Bottom of the 1st over - 0 runs, 0 hits, 0 errors, 0 left on base; Redwood City 0 - Mexico City 0
TOP OF THE 2ND
Redwood City Redwoods batting - Pitching for Mexico City Cerveceros : RHP Manuel Romero
Batting: LHB César Rodríguez 0-0: Ball
1-0: Ball
2-0: Ball
3-0: Base on Balls
Batting: RHB Jacob Pope 0-0: Called Strike
0-1: Ball
1-1: Reached on error, E6 (Groundball, 6)
César Rodríguez to second
Batting: SHB Chris Young 0-0: Ball
1-0: Called Strike
1-1: Called Strike
1-2: Ball
2-2: Strikes out swinging
Batting: RHB Luis Miguel Sánchez 0-0: Ground out 5-3 (Groundball, 5S)
César Rodríguez to third
Jacob Pope to second
Batting: RHB Francisco Rodríguez 0-0: Called Strike
0-1: Ground out 4-3 (Groundball, 4)
Top of the 2nd over - 0 runs, 0 hits, 1 error, 2 left on base; Redwood City 0 - Mexico City 0
BOTTOM OF THE 2ND
Mexico City Cerveceros batting - Pitching for Redwood City Redwoods : RHP Raúl Vallejo
Batting: LHB Dan Hamilton 0-0: Fly out, F9 (Flyball, 9)
Batting: RHB Lee Price 0-0: Swinging Strike
0-1: Called Strike
0-2: Foul Ball, location: 2F
0-2: Strikes out swinging
Batting: RHB Robinson Pacheco 0-0: Ground out 5-3 (Groundball, 56S)
Bottom of the 2nd over - 0 runs, 0 hits, 0 errors, 0 left on base; Redwood City 0 - Mexico City 0
TOP OF THE 3RD
Redwood City Redwoods batting - Pitching for Mexico City Cerveceros : RHP Manuel Romero
Batting: RHB Jesús Cuevas 0-0: Swinging Strike
0-1: Foul Ball, location: 2F
0-2: Foul Ball, location: 2F
0-2: Ground out 1-3 (Groundball, 13S)
Batting: LHB Bob Campbell 0-0: Ball
1-0: Ball
2-0: Ball
3-0: Called Strike
3-1: Called Strike
3-2: Ground out 5-3 (Groundball, 25)
Batting: LHB Keith Green 0-0: Called Strike
0-1: Swinging Strike
0-2: SOLO HOME RUN (Flyball, 9LD), Distance : 342 ft
Batting: RHB David Adams 0-0: Swinging Strike
0-1: Swinging Strike
0-2: Ball
1-2: Ball
2-2: Strikes out swinging
Top of the 3rd over - 1 run, 1 hit, 0 errors, 0 left on base; Redwood City 1 - Mexico City 0
BOTTOM OF THE 3RD
Mexico City Cerveceros batting - Pitching for Redwood City Redwoods : RHP Raúl Vallejo
Batting: LHB Gary Kern 0-0: Fly out, F8 (Flyball, 8LM)
Batting: RHB Mitchell Pate 0-0: Called Strike
0-1: Ball
1-1: Foul Ball, location: 2F
1-2: SINGLE (Line Drive, 34D)
Batting: RHB Rick Ayliffe 0-0: Ball
1-0: Called Strike
1-1: Ball
2-1: Swinging Strike
2-2: Fly out, F4 (Line Drive, 4)
Lined into DP, 4-3 (Line Drive, 4)
Bottom of the 3rd over - 0 runs, 1 hit, 0 errors, 0 left on base; Redwood City 1 - Mexico City 0
TOP OF THE 4TH
Redwood City Redwoods batting - Pitching for Mexico City Cerveceros : RHP Manuel Romero
Batting: LHB César Rodríguez 0-0: Called Strike
0-1: Ground out 5-3 (Groundball, 5L)
Batting: RHB Jacob Pope 0-0: Called Strike
0-1: Swinging Strike
0-2: Ball
1-2: Ball
2-2: Foul Ball, location: 2F
2-2: Foul Ball, location: 2F
2-2: SOLO HOME RUN (Flyball, 7LD), Distance : 355 ft
Batting: SHB Chris Young 0-0: Ball
1-0: Fly out, F8 (Flyball, 8RM)
Batting: RHB Luis Miguel Sánchez 0-0: Ball
1-0: Ball
2-0: Called Strike
2-1: Ball
3-1: Base on Balls
Batting: RHB Francisco Rodríguez 0-0: Called Strike
0-1: Called Strike
0-2: Hit by Pitch
Luis Miguel Sánchez to second
Batting: RHB Jesús Cuevas 0-0: Foul Ball, location: 2F
0-1: Ball
1-1: Foul Ball, location: 2F
1-2: Strikes out swinging
Top of the 4th over - 1 run, 1 hit, 0 errors, 2 left on base; Redwood City 2 - Mexico City 0
BOTTOM OF THE 4TH
Mexico City Cerveceros batting - Pitching for Redwood City Redwoods : RHP Raúl Vallejo
Batting: RHB Juan Estrada 0-0: Called Strike
0-1: Called Strike
0-2: Strikes out looking
Batting: RHB Henning Huisman 0-0: Called Strike
0-1: Foul Ball, location: 2F
0-2: Ball
1-2: Strikes out swinging
Batting: LHB Mike Harris 0-0: Called Strike
0-1: Ball
1-1: Foul Ball, location: 2F
1-2: Foul Ball, location: 2F
1-2: Foul Ball, location: 2F
1-2: Ball
2-2: Ball
3-2: Foul Ball, location: 2F
3-2: Base on Balls
Batting: LHB Dan Hamilton 0-0: Called Strike
0-1: Ball
1-1: Foul Ball, location: 2F
1-2: Foul Ball, location: 2F
1-2: Ball
2-2: Ball
3-2: Base on Balls
Mike Harris to second
Batting: RHB Lee Price 0-0: Foul Ball, location: 2F
0-1: Ball
1-1: Ball
2-1: Ball
3-1: Called Strike
3-2: Foul Ball, location: 2F
3-2: SINGLE (Flyball, 9S)
Mike Harris to third
Dan Hamilton to second
Mike Harris scores
Dan Hamilton to third
Batting: RHB Robinson Pacheco 0-0: Ball
1-0: Swinging Strike
1-1: Foul Ball, location: 2F
1-2: Foul Ball, location: 2F
1-2: DOUBLE (Line Drive, 8LD)
Dan Hamilton scores
Lee Price to third
Runner from 3rd tries for Home, SAFE, no throw
Batting: LHB Gary Kern 0-0: Ball
1-0: Foul Ball, location: 2F
1-1: SINGLE (Groundball, 3D)
Robinson Pacheco to third
Runner from 3rd tries for Home, SAFE, throw made home
Gary Kern to second
Batting: RHB Mitchell Pate 0-0: Foul Ball, location: 2F
0-1: Ball
1-1: Ground out 4-3 (Groundball, 4M)
Bottom of the 4th over - 4 runs, 3 hits, 0 errors, 1 left on base; Redwood City 2 - Mexico City 4
TOP OF THE 5TH
Redwood City Redwoods batting - Pitching for Mexico City Cerveceros : RHP Manuel Romero
Batting: LHB Bob Campbell 0-0: Foul Ball, location: 2F
0-1: Swinging Strike
0-2: Ground out 6-3 (Groundball, 6M)
Batting: LHB Keith Green 0-0: Ball
1-0: Swinging Strike
1-1: Foul Ball, location: 2F
1-2: Ball
2-2: Ball
3-2: SINGLE (Line Drive, 78S)
Batting: RHB David Adams 0-0: SINGLE (Line Drive, 4MD)
Keith Green to second
Batting: LHB César Rodríguez 0-0: Swinging Strike
0-1: Ball
1-1: Swinging Strike
1-2: Ball
2-2: Strikes out looking
Batting: RHB Jacob Pope 0-0: Ball
1-0: Ball
2-0: Ball
3-0: Base on Balls
Keith Green to third
David Adams to second
Pitching: LHP Jeremy Winston
Batting: SHB Chris Young 0-0: Ground out U3 (Groundball, 34)
Top of the 5th over - 0 runs, 2 hits, 0 errors, 3 left on base; Redwood City 2 - Mexico City 4
BOTTOM OF THE 5TH
Mexico City Cerveceros batting - Pitching for Redwood City Redwoods : RHP Raúl Vallejo
Batting: RHB Rick Ayliffe 0-0: Ball
1-0: Ball
2-0: Foul Ball, location: 2F
2-1: Ball
3-1: Swinging Strike
3-2: Fly out, F6 (Popup, 6)
Batting: RHB Juan Estrada 0-0: Called Strike
0-1: Swinging Strike
0-2: Fly out, F8 (Line Drive, 8RM)
Batting: RHB Henning Huisman 0-0: Called Strike
0-1: Called Strike
0-2: Ball
1-2: Strikes out swinging
Bottom of the 5th over - 0 runs, 0 hits, 0 errors, 0 left on base; Redwood City 2 - Mexico City 4
TOP OF THE 6TH
Redwood City Redwoods batting - Pitching for Mexico City Cerveceros : LHP Jeremy Winston
Batting: RHB Luis Miguel Sánchez 0-0: Ball
1-0: Ball
2-0: Ball
3-0: Foul Ball, location: 2F
3-1: Base on Balls
Batting: RHB Francisco Rodríguez 0-0: Swinging Strike
Luis Miguel Sánchez steals 2nd base
0-1: 2-RUN HOME RUN (Line Drive, 8RXD), Distance : 419 ft
Pitching: RHP José Santos
Batting: RHB Jesús Cuevas 0-0: Called Strike
0-1: Ball
1-1: Swinging Strike
1-2: Strikes out swinging
Batting: LHB Bob Campbell 0-0: Ball
1-0: SINGLE (Groundball, 3D)
Batting: LHB Keith Green 0-0: Ball
Wild Pitch!
Bob Campbell to second
1-0: Ground out 5-3 (Groundball, 5L)
Batting: RHB David Adams 0-0: Called Strike
0-1: Fly out, F8 (Flyball, 8RS)
Top of the 6th over - 2 runs, 2 hits, 0 errors, 1 left on base; Redwood City 4 - Mexico City 4
BOTTOM OF THE 6TH
Mexico City Cerveceros batting - Pitching for Redwood City Redwoods : RHP Raúl Vallejo
Batting: LHB Mike Harris 0-0: Ball
1-0: Called Strike
1-1: Ground out 4-3 (Groundball, 4)
Batting: LHB Dan Hamilton 0-0: Ball
1-0: Swinging Strike
1-1: Ground out U3 (Groundball, 3)
Batting: RHB Lee Price 0-0: Ball
1-0: Ball
2-0: Ball
3-0: Base on Balls
Batting: RHB Robinson Pacheco 0-0: Swinging Strike
0-1: Swinging Strike
0-2: Ball
1-2: Foul Ball, location: 2F
1-2: Strikes out swinging
Bottom of the 6th over - 0 runs, 0 hits, 0 errors, 1 left on base; Redwood City 4 - Mexico City 4
TOP OF THE 7TH
Redwood City Redwoods batting - Pitching for Mexico City Cerveceros : RHP José Santos
Batting: LHB César Rodríguez 0-0: Called Strike
0-1: Ground out 1-3 (Groundball, 15)
Batting: RHB Jacob Pope 0-0: Ball
1-0: Ground out 6-3 (Groundball, 6)
Batting: SHB Chris Young 0-0: Ground out 5-3 (Groundball, 56)
Top of the 7th over - 0 runs, 0 hits, 0 errors, 0 left on base; Redwood City 4 - Mexico City 4
BOTTOM OF THE 7TH
Mexico City Cerveceros batting - Pitching for Redwood City Redwoods : RHP Raúl Vallejo
Batting: LHB Gary Kern 0-0: Called Strike
0-1: Ball
1-1: Called Strike
1-2: Ball
2-2: Strikes out looking
Pinch Hitting: LHB John Bond 0-0: Fly out, F7 (Flyball, 7)
Batting: RHB Rick Ayliffe 0-0: Fly out, F4 (Popup, 4S)
Bottom of the 7th over - 0 runs, 0 hits, 0 errors, 0 left on base; Redwood City 4 - Mexico City 4
TOP OF THE 8TH
Redwood City Redwoods batting - Pitching for Mexico City Cerveceros : RHP José Santos
Now at 1B: John Bond
Pinch Hitting: LHB José Peralta 0-0: Called Strike
0-1: Ball
1-1: Foul Ball, location: 2F
1-2: Foul Ball, location: 2F
1-2: Fly out, F8 (Flyball, 8RXD)
Pinch Hitting: LHB Vicente Chávez 0-0: Ball
1-0: Foul Ball, location: 2F
1-1: Swinging Strike
1-2: Fly out, F8 (Flyball, 89M)
Batting: RHB Jesús Cuevas 0-0: Called Strike
0-1: Ground out 5-3 (Groundball, 5S)
Top of the 8th over - 0 runs, 0 hits, 0 errors, 0 left on base; Redwood City 4 - Mexico City 4
BOTTOM OF THE 8TH
Mexico City Cerveceros batting - Pitching for Redwood City Redwoods : RHP Raúl Vallejo
Pitching: RHP Wayne Williams
Now at 2B: Keitaro Suzuki
Now at SS: David Strickland
Batting: RHB Juan Estrada 0-0: Ball
1-0: Foul Ball, location: 2F
1-1: Swinging Strike
1-2: Ball
2-2: Ground out 4-3 (Groundball, 4)
Pinch Hitting: RHB Juan Brieno 0-0: Ball
1-0: Ball
2-0: Swinging Strike
2-1: Ground out 5-3 (Groundball, 56)
Batting: LHB Mike Harris 0-0: Swinging Strike
0-1: Foul Ball, location: 2F
0-2: Ball
1-2: Ball
2-2: Strikes out swinging
Bottom of the 8th over - 0 runs, 0 hits, 0 errors, 0 left on base; Redwood City 4 - Mexico City 4
TOP OF THE 9TH
Redwood City Redwoods batting - Pitching for Mexico City Cerveceros : RHP José Santos
Pitching: RHP Juan Ríos
Now in LF: Ricardo Remedios
Batting: LHB Bob Campbell 0-0: Ball
1-0: Called Strike
1-1: Called Strike
1-2: Ball
2-2: Ball
3-2: Base on Balls
Batting: LHB Keith Green 0-0: Fly out, F9 (Flyball, 89M)
Batting: RHB David Adams 0-0: Ball
1-0: Called Strike
Bob Campbell steals 2nd base
1-1: Ball
2-1: Ball
3-1: Foul Ball, location: 2F
3-2: Strikes out looking
Batting: LHB César Rodríguez 0-0: Called Strike
0-1: Called Strike
0-2: Ball
1-2: Strikes out swinging
Top of the 9th over - 0 runs, 0 hits, 0 errors, 1 left on base; Redwood City 4 - Mexico City 4
BOTTOM OF THE 9TH
Mexico City Cerveceros batting - Pitching for Redwood City Redwoods : RHP Wayne Williams
Batting: LHB Dan Hamilton 0-0: Foul Ball, location: 2F
0-1: Foul Ball, location: 2F
0-2: Foul Ball, location: 2F
0-2: Foul Ball, location: 2F
0-2: Hit by Pitch
Batting: RHB Lee Price 0-0: Ball
1-0: Ball
2-0: Grounds into double play, 6-4-3 (Groundball, 6)
Batting: RHB Robinson Pacheco 0-0: Ball
1-0: Ball
2-0: Ground out 6-3 (Groundball, 6)
Bottom of the 9th over - 0 runs, 0 hits, 0 errors, 0 left on base; Redwood City 4 - Mexico City 4
TOP OF THE 10TH
Redwood City Redwoods batting - Pitching for Mexico City Cerveceros : RHP Juan Ríos
Batting: RHB Jacob Pope 0-0: Ball
1-0: Ball
2-0: Ball
3-0: Base on Balls
Batting: SHB Chris Young 0-0: Called Strike
0-1: Foul Ball, location: 2F
0-2: Ball
1-2: Foul Ball, location: 2F
1-2: Foul Ball, location: 2F
1-2: Ball
2-2: Strikes out swinging
Batting: RHB Keitaro Suzuki 0-0: Fly out, F3 (Popup, 3S)
Batting: RHB David Strickland 0-0: Fly out, F5 (Popup, 25F)
Top of the 10th over - 0 runs, 0 hits, 0 errors, 1 left on base; Redwood City 4 - Mexico City 4
BOTTOM OF THE 10TH
Mexico City Cerveceros batting - Pitching for Redwood City Redwoods : RHP Wayne Williams
Pitching: RHP Juan Sánchez
Batting: LHB Gary Kern 0-0: Ball
1-0: SINGLE (Groundball, 4MD)
Pinch Runner at 1st Rafael Delgado:
Batting: LHB John Bond 0-0: Ball
1-0: Called Strike
1-1: Swinging Strike
1-2: Foul Ball, location: 2F
1-2: Grounds into double play, 4-6-3 (Groundball, 4)
Pinch Hitting: RHB Esteban Concepción 0-0: Ball
1-0: Ball
2-0: Foul Ball, location: 2F
2-1: Fly out, F9 (Line Drive, 9D)
Bottom of the 10th over - 0 runs, 1 hit, 0 errors, 0 left on base; Redwood City 4 - Mexico City 4
TOP OF THE 11TH
Redwood City Redwoods batting - Pitching for Mexico City Cerveceros : RHP Juan Ríos
Pitching: LHP Rubén Rico
Now at C: Scott Compton
Now at 3B: Esteban Concepción
Batting: RHB Jesús Cuevas 0-0: Foul Ball, location: 2F
0-1: Swinging Strike
0-2: Ball
1-2: Ball
2-2: Strikes out swinging
Pinch Hitting: RHB Cheng-ho Qiao 0-0: Ball
1-0: Called Strike
1-1: Ball
2-1: Ball
3-1: Ground out 4-3 (Groundball, 4)
Pinch Hitting: RHB Daniel Robert 0-0: Called Strike
0-1: Ball
1-1: Foul Ball, location: 2F
1-2: Ball
2-2: Ball
3-2: Base on Balls
Batting: RHB David Adams 0-0: Ball
1-0: Swinging Strike
1-1: Ball
2-1: Ball
3-1: Foul Ball, location: 2F
3-2: Reached on error, E3 (Popup, 3S)
Daniel Robert to second
Pinch Runner at 2nd Javier Ortíz:
Batting: LHB César Rodríguez 0-0: Called Strike
0-1: Ball
1-1: SINGLE (Groundball, 34D)
Javier Ortíz to third
David Adams to second
Runner from 3rd tries for Home, SAFE, throw made home
Pinch Runner at 2nd Pedro Rodríguez:
Batting: RHB Jacob Pope 0-0: Foul Ball, location: 2F
0-1: Ground out 3-1 (Groundball, 34S)
Top of the 11th over - 1 run, 1 hit, 1 error, 2 left on base; Redwood City 5 - Mexico City 4
BOTTOM OF THE 11TH
Mexico City Cerveceros batting - Pitching for Redwood City Redwoods : RHP Juan Sánchez
Now at C: José García
Now at 1B: Arthur Hall
Now in RF: José Martínez
Batting: RHB Juan Estrada 0-0: Called Strike
0-1: Ball
1-1: Called Strike
1-2: Foul Ball, location: 2F
1-2: Ball
2-2: Foul Ball, location: 2F
2-2: Ball
3-2: Strikes out swinging
Batting: RHB Ricardo Remedios 0-0: Ball
1-0: Foul Ball, location: 2F
1-1: Reached on error, E6 (Groundball, 6)
Batting: LHB Mike Harris 0-0: Fly out, F8 (Flyball, 8LD)
Batting: LHB Dan Hamilton 0-0: Ball
1-0: Ball
2-0: Foul Ball, location: 2F
2-1: Ground out 4-3 (Groundball, 4)
Bottom of the 11th over - 0 runs, 0 hits, 1 error, 1 left on base; Redwood City 5 - Mexico City 4
Saturday, April 7th, 2018 - OOTP Baseball 18.8 Build 76